Map: [ESL] Hard Lead

Players

Serral - Winner!

  • Race: Zerg Zerg
  • Spawn Location: 11:00

Clem

  • Race: Terran Terran
  • Spawn Location: 5:00

Event: IEM Katowice 2024

VOD

Have the link to the VOD?

Description

Time

  • Played on: Feb. 11, 2024, 5:30 a.m.
  • Length: 14:38

All games in this series

Show
View Real Time Build Order
Export as new Build Order

Serral Zerg - Winner!

Build Orders: Hatch First, Lurkers 

Get SALT Encoding   

  12  0:00  Drone  
  13  0:12  Overlord  
  13  0:17  Drone  
  14  0:30  Drone x2  
  16  0:48  Hatchery  
  15  0:51  Drone  
  15  0:55  Drone  
  17  0:58  Drone  
  18  1:10  Extractor  
  17  1:13  Spawning Pool  
  17  1:17  Drone  
  17  1:20  Drone  
  18  1:27  Drone  
  19  1:38  Drone  
  20  1:49  Drone  
  21  2:00  Queen x2  
  26  2:01  Zergling x4  
  27  2:11  Metabolic Boost  
  27  2:12  Overlord  
  27  2:13  Drone  
  28  2:31  Drone  
  28  2:32  Hatchery  
  28  2:34  Drone  
  28  2:39  Drone  
  28  2:40  Drone  
  30  2:46  Queen  
  31  2:52  Overlord  
  31  2:55  Drone  
  32  2:58  Drone x2  
  34  3:05  Drone  
  34  3:06  Overlord  
  34  3:12  Queen  
  35  3:14  Drone  
  35  3:16  Drone  
  35  3:18  Drone  
  40  3:22  Drone  
  40  3:24  Drone  
  42  3:27  Queen  
  42  3:30  Drone  
  42  3:33  Drone  
  46  3:39  Overlord  
  46  3:40  Drone x2  
  46  3:41  Drone  
  49  3:47  Queen  
  51  3:50  Drone x3  
  54  3:57  Zergling x2  
  54  3:58  Zergling x4  
  54  4:01  Zergling x2  
  58  4:06  Queen  
  60  4:11  Zergling x4, Drone  
  60  4:12  Drone x2  
  65  4:18  Overlord  
  65  4:20  Drone  
  66  4:27  Lair  
  66  4:30  Overlord  
  66  4:36  Queen  
  66  4:38  Drone x7  
  74  4:45  Overlord  
  74  4:47  Queen  
  76  4:54  Drone x2, Hatchery  
  76  4:59  Spore Crawler x2  
  75  5:02  Spore Crawler  
  75  5:03  Zergling x6  
  77  5:09  Extractor, Baneling Nest  
  77  5:10  Drone x3  
  77  5:12  Zergling x2  
  79  5:15  Drone x3  
  79  5:20  Overlord  
  79  5:21  Drone x3  
  85  5:22  Drone  
  85  5:24  Overlord  
  85  5:25  Overseer  
  85  5:26  Drone  
  87  5:30  Drone x3  
  87  5:34  Extractor, Drone  
  87  5:35  Extractor, Overlord  
  89  5:37  Overlord  
  89  5:40  Drone x2  
  89  5:42  Extractor  
  90  5:44  Evolution Chamber, Overlord  
  90  5:47  Drone x2  
  91  5:51  Drone x3  
  91  5:53  Drone  
  91  5:56  Centrifugal Hooks  
  91  5:57  Overlord  
  95  6:02  Evolution Chamber  
  95  6:03  Overlord  
  94  6:06  Queen  
  94  6:07  Drone x3  
  94  6:09  Drone x2  
  94  6:10  Drone x2  
  101  6:14  Drone x3  
  104  6:18  Zerg Ground Armor Level 1  
  104  6:22  Overseer  
  104  6:23  Drone x2  
  106  6:26  Queen  
  106  6:28  Zergling x4, Spore Crawler  
  106  6:31  Zerg Melee Weapons Level 1  
  109  6:33  Zergling x6  
  109  6:38  Zergling x10  
  117  6:42  Zergling x8  
  117  6:43  Zergling x2  
  117  6:46  Baneling x9  
  122  6:51  Pneumatized Carapace  
  122  6:53  Overseer  
  122  6:55  Zergling x12  
  122  6:59  Overlord  
  128  7:02  Baneling x5  
  128  7:04  Drone  
  128  7:05  Drone x2  
  128  7:06  Drone  
  128  7:08  Zergling x2, Drone  
  133  7:09  Zergling x6, Hydralisk Den  
  133  7:10  Baneling  
  133  7:12  Overlord  
  134  7:22  Zergling x18  
  138  7:23  Zergling x2  
  138  7:25  Zergling x2  
  138  7:26  Zergling x2  
  140  7:31  Zergling x4  
  140  7:38  Baneling x3  
  140  7:39  Grooved Spines  
  140  7:41  Zergling x2  
  140  7:42  Zergling x10  
  140  7:43  Baneling x8  
  146  7:44  Zergling x2  
  146  7:45  Zergling x10  
  150  7:51  Baneling  
  150  7:52  Baneling x5  
  150  7:56  Overlord  
  150  7:57  Zergling x8  
  152  7:58  Baneling  
  152  7:59  Baneling x3  
  152  8:04  Overlord, Hatchery  
  152  8:05  Overlord  
  151  8:06  Zergling x8  
  151  8:07  Baneling x4  
  151  8:10  Extractor  
  151  8:11  Drone x3  
  157  8:13  Queen  
  157  8:16  Baneling x4  
  157  8:17  Zergling x2  
  157  8:18  Zergling x16  
  157  8:27  Zergling x6  
  157  8:29  Muscular Augments  
  157  8:31  Zergling x2  
  158  8:37  Zergling x10  
  158  8:39  Zergling x10  
  158  8:41  Zergling x4  
  144  8:45  Zergling x8  
  144  8:46  Queen  
  144  8:47  Queen x2  
  151  8:48  Queen  
  151  8:51  Zergling x6  
  151  8:53  Baneling x3  
  151  8:54  Zergling x2  
  157  8:56  Zerg Melee Weapons Level 2  
  157  9:09  Hydralisk x6  
  165  9:13  Baneling x4  
  162  9:22  Queen  
  162  9:23  Zergling x20  
  157  9:31  Drone x4  
  157  9:32  Baneling x4  
  157  9:33  Hydralisk  
  162  9:40  Hydralisk x5  
  171  9:48  Zergling x4  
  171  9:49  Zerg Ground Armor Level 2  
  171  9:51  Baneling x4  
  171  9:52  Zergling x6  
  172  9:57  Drone  
  172  9:58  Zergling x6  
  176  10:03  Zergling x12  
  182  10:08  Overseer  
  178  10:18  Zergling x16  
  182  10:22  Overlord  
  182  10:23  Infestation Pit  
  168  10:29  Overlord  
  168  10:30  Hatchery  
  168  10:34  Zergling x14  
  168  10:35  Zergling x2  
  175  10:36  Baneling x9  
  175  10:37  Baneling x5  
  175  10:42  Zergling x16  
  183  10:47  Overlord x2  
  183  10:53  Overseer  
  183  10:55  Baneling x11  
  183  10:58  Hydralisk x2  
  180  11:06  Zergling x14  
  180  11:11  Hive  
  182  11:12  Zerg Missile Weapons Level 1  
  175  11:22  Zergling x18  
  171  11:33  Zergling x24  
  171  11:34  Zergling x4  
  171  11:39  Extractor  
  182  11:40  Baneling x2  
  182  11:41  Lurker Den  
  182  11:42  Infestor x2  
  182  11:44  Burrow  
  182  11:45  Drone x2  
  182  11:46  Drone x2  
  189  11:53  Baneling  
  189  11:54  Baneling x3  
  189  11:59  Hatchery  
  188  12:02  Drone  
  188  12:03  Drone  
  188  12:04  Zergling x18  
  199  12:12  Baneling x10  
  189  12:25  Zergling x26  
  196  12:35  Hatchery  
  193  12:42  Adrenal Glands  
  193  12:43  Seismic Spines  
  188  12:47  Extractor  
  188  12:48  Extractor x2  
  188  12:49  Drone x3  
  188  12:50  Drone x6  
  194  12:52  Spore Crawler  
  194  12:53  Baneling x2  
  194  12:55  Zergling x14  
  199  12:58  Infestor  
  183  13:09  Zergling x32  
  198  13:13  Hatchery  
  198  13:17  Drone x2  
  196  13:24  Hydralisk  
  196  13:25  Zergling x2  
  197  13:38  Zergling x2, Hydralisk x2  
  197  13:39  Zergling x10  
  183  13:49  Zergling x18  
  183  13:55  Lurker x6  
  197  13:59  Drone x2  
  197  14:01  Zergling x2  
  199  14:08  Baneling x2  
  192  14:18  Zergling x16  
Show
View Real Time Build Order
Export as new Build Order

Clem Terran 

Build Orders: Reaper Expand, Hellion Banshee 

Get SALT Encoding   

  12  0:00  SCV  
  13  0:12  SCV  
  14  0:16  Supply Depot  
  14  0:24  SCV  
  15  0:38  SCV  
  15  0:40  Barracks  
  16  0:43  Refinery  
  16  0:50  SCV  
  17  1:02  SCV  
  18  1:14  SCV  
  19  1:26  Orbital Command, Reaper  
  20  1:38  Command Center  
  20  1:46  Supply Depot  
  20  1:52  SCV  
  21  1:58  Marine  
  22  2:04  SCV  
  23  2:09  Factory  
  23  2:16  SCV  
  23  2:22  Barracks Reactor  
  24  2:28  SCV  
  25  2:40  SCV  
  26  2:45  Command Center  
  26  2:50  Orbital Command  
  26  2:52  SCV  
  26  2:58  Starport  
  27  3:04  Refinery  
  27  3:05  SCV  
  28  3:10  Hellion  
  30  3:15  Hellion  
  30  3:16  SCV  
  30  3:18  SCV  
  34  3:24  Barracks Tech Lab  
  34  3:29  SCV  
  34  3:30  SCV  
  34  3:31  Hellion  
  38  3:36  Hellion  
  38  3:41  SCV  
  41  3:42  SCV  
  41  3:46  Banshee  
  45  3:51  Marine  
  45  3:54  SCV  
  46  3:58  Hellion x2  
  46  4:00  SCV  
  51  4:04  Orbital Command  
  51  4:06  Cloaking Field  
  51  4:09  SCV  
  52  4:12  SCV  
  52  4:15  Barracks Tech Lab  
  52  4:16  Supply Depot  
  53  4:20  Hellion x2  
  53  4:21  SCV  
  58  4:24  SCV  
  58  4:29  SCV  
  60  4:33  SCV  
  60  4:38  Banshee  
  64  4:39  Supply Depot  
  64  4:41  SCV  
  64  4:42  Stimpack  
  64  4:45  Barracks  
  65  4:47  Marine  
  65  4:48  Barracks  
  65  4:49  SCV  
  65  4:50  SCV  
  65  4:51  Factory Reactor  
  68  4:56  Refinery x2  
  68  4:57  SCV  
  69  5:01  SCV  
  69  5:03  SCV  
  69  5:05  Marine  
  72  5:09  SCV  
  72  5:12  Engineering Bay x2  
  72  5:14  SCV  
  75  5:21  Orbital Command  
  75  5:22  SCV  
  75  5:23  Marine  
  75  5:27  Supply Depot  
  76  5:29  Barracks, SCV  
  76  5:30  Barracks  
  77  5:36  Starport Reactor  
  77  5:38  Factory Reactor  
  77  5:44  Terran Infantry Weapons Level 1, Terran Infantry Armor Level 1  
  77  5:46  Supply Depot  
  77  5:48  Marine x4  
  77  5:49  SCV x3  
  84  5:54  Supply Depot  
  84  5:56  Supply Depot  
  84  6:00  Marine  
  85  6:07  SCV x3, Marine  
  85  6:09  Supply Depot  
  89  6:14  Medivac x2  
  93  6:18  Supply Depot  
  93  6:19  Barracks Reactor x2, SCV x3  
  93  6:21  Combat Shield  
  93  6:22  Marine x2  
  93  6:23  Marine  
  103  6:25  Widow Mine x2  
  103  6:31  Factory, SCV x3  
  106  6:34  Marine, Supply Depot  
  106  6:35  Refinery  
  106  6:38  Armory  
  107  6:43  SCV x3  
  110  6:47  Marine  
  110  6:48  Supply Depot  
  110  6:51  Widow Mine x2  
  115  6:56  Supply Depot, SCV x3  
  115  6:58  Marine  
  115  6:59  Supply Depot  
  119  7:01  Medivac  
  119  7:02  Medivac  
  119  7:03  Marine x2  
  119  7:05  Marine x2  
  119  7:06  Marine  
  119  7:08  Marine, SCV x3  
  131  7:11  Marine  
  131  7:12  Marine  
  131  7:14  Widow Mine  
  136  7:15  Marine  
  136  7:21  Marine  
  136  7:24  Widow Mine  
  136  7:25  Marine x4  
  136  7:26  Marine, Drilling Claws  
  136  7:28  Widow Mine  
  136  7:29  Marine  
  144  7:31  Medivac  
  144  7:32  Marine  
  144  7:35  Marine, Refinery  
  144  7:36  Supply Depot  
  146  7:38  Marine  
  146  7:41  Medivac  
  146  7:42  Marine  
  146  7:43  Marine, Widow Mine  
  153  7:51  Marine x2, Widow Mine  
  154  7:52  Marine  
  154  7:58  Marine x4  
  161  8:00  Sensor Tower  
  161  8:01  Medivac  
  161  8:03  Supply Depot  
  161  8:04  Terran Infantry Weapons Level 2  
  163  8:06  Supply Depot  
  163  8:11  Medivac  
  165  8:15  Command Center  
  165  8:16  Terran Infantry Armor Level 2  
  165  8:23  Marine  
  165  8:24  Widow Mine  
  165  8:25  Marine  
  165  8:26  Marauder  
  164  8:31  Medivac  
  164  8:33  Widow Mine  
  164  8:34  Marine  
  169  8:35  Marine  
  169  8:39  Marine  
  169  8:41  Marine x2, Medivac  
  146  8:42  Widow Mine, Marine x2  
  146  8:43  Marine  
  146  8:47  Marine  
  146  8:49  Terran Vehicle And Ship Armor Level 1  
  146  8:50  Widow Mine  
  146  8:51  Marine  
  146  8:52  Marine  
  146  8:55  Widow Mine  
  152  8:56  Marine  
  152  8:59  Marine x2  
  152  9:01  Medivac  
  152  9:02  Marine  
  158  9:03  Widow Mine  
  158  9:04  Marine  
  158  9:06  Marauder  
  160  9:11  Widow Mine, Medivac  
  160  9:12  Marine x3  
  160  9:14  Marine  
  160  9:16  Widow Mine  
  170  9:17  Marine x2  
  170  9:19  SCV  
  170  9:20  SCV, Marine  
  170  9:23  SCV  
  169  9:24  Widow Mine  
  169  9:29  Marine x2  
  169  9:30  Marine  
  166  9:31  Viking, SCV  
  166  9:33  Widow Mine  
  166  9:34  Marine  
  166  9:37  SCV  
  166  9:38  Widow Mine  
  175  9:41  Medivac  
  175  9:43  Marine x3  
  175  9:44  Marine  
  177  9:51  Barracks, SCV  
  177  9:52  Barracks  
  172  9:53  SCV  
  172  9:54  Barracks  
  172  9:57  Widow Mine  
  174  10:01  Medivac  
  174  10:02  Widow Mine  
  174  10:03  Planetary Fortress  
  174  10:06  SCV x3  
  174  10:09  Marine x2  
  174  10:10  Marine  
  174  10:11  Marine x2, Medivac  
  173  10:16  Marine  
  173  10:18  Marine x2  
  173  10:19  Marine, Widow Mine  
  176  10:21  Widow Mine  
  176  10:24  SCV  
  176  10:25  SCV x2  
  176  10:27  Marine x3  
  174  10:29  Marine x2  
  174  10:31  Medivac  
  174  10:33  Widow Mine  
  174  10:34  Marine  
  181  10:36  Marine x2  
  181  10:37  Marine  
  185  10:44  Terran Infantry Weapons Level 3  
  185  10:49  Command Center  
  184  10:51  Marine  
  184  10:55  Terran Infantry Armor Level 3, Marauder  
  187  10:59  Widow Mine, Refinery  
  187  11:00  Refinery  
  187  11:02  Marine, Widow Mine  
  184  11:05  Marine  
  184  11:06  Widow Mine  
  176  11:11  Marine x3  
  176  11:12  Marine x4  
  176  11:14  Marine x2  
  176  11:16  Marauder  
  179  11:20  Widow Mine, Marine  
  179  11:23  Marine  
  179  11:24  Widow Mine  
  179  11:27  Widow Mine  
  179  11:29  Marine  
  179  11:31  Liberator  
  177  11:33  Marine x5  
  177  11:38  Marauder  
  184  11:40  Concussive Shells  
  184  11:42  Widow Mine  
  184  11:44  Ghost Academy  
  184  11:45  Widow Mine, Marine  
  188  11:48  Widow Mine  
  188  11:53  Command Center, SCV  
  191  11:59  Marauder  
  191  12:01  Liberator  
  196  12:02  Sensor Tower  
  196  12:03  Widow Mine  
  196  12:07  Widow Mine  
  198  12:14  Widow Mine  
  200  12:18  Marine, Medivac  
  200  12:19  Marine  
  191  12:23  Marauder, Marine  
  191  12:25  Widow Mine  
  191  12:27  Marine  
  191  12:28  Marine, Widow Mine  
  191  12:29  Marine x3  
  200  12:32  Engineering Bay  
  200  12:39  SCV  
  200  12:40  SCV x2  
  195  12:45  Marauder  
  197  12:52  Widow Mine, SCV  
  197  12:55  Sensor Tower  
  200  13:03  Widow Mine  
  200  13:04  SCV  
  200  13:05  Command Center  
  194  13:06  Command Center, Marauder  
  194  13:08  Command Center  
  194  13:12  Orbital Command, Planetary Fortress  
  190  13:24  Refinery x2  
  190  13:25  SCV  
  190  13:27  Ghost  
  179  13:28  Widow Mine, Marine x6  
  179  13:29  Barracks Tech Lab x2  
  179  13:30  Barracks Tech Lab  
  188  13:35  Widow Mine  
  167  13:41  Marine  
  167  13:42  Marine  
  167  13:46  Marine x6  
  159  13:49  Marine  
  159  13:50  Marine x2  
  159  13:51  Widow Mine  
  159  13:54  SCV  
  159  13:55  Ghost  
  158  13:58  Widow Mine  
  158  13:59  Marine  
  158  14:00  Marine  
  164  14:03  Marine x2, Widow Mine  
  164  14:04  Marine  
  164  14:06  Ghost  
  164  14:07  Ghost  
  169  14:12  SCV  
  174  14:19  SCV  
  174  14:20  Sensor Tower  
  174  14:21  Missile Turret  

Tags
 
Add a new tag
Caveats
  • Supply blocks, unpowered buildings, or Contaminate may cause inaccurate times.
  • Supply counts are checked every 10 seconds.